AoeStats
← Jazzmushroom

Lombardia

508576926Analyzed
4v4 RM · 9d ago on Sep 23, 2026· 27m 10s· 8 players
Game mode
Random Map
Map size
Large (8 player)
Population
200
Speed
Normal
Resources
Standard
Victory
Conquest
Starting age
Dark Age
Ending age
Imperial Age
RankedLock teamsTeams togetherTeam positionsShared explorationLock speedFull tech treeHidden civsTurbo modeCheats
Victory
Defeat
🇯🇵 Gurjaras · Japan
1361
+15
🇨🇳 Saracens · China
1311
+17
🇺🇸 Varangians · United States
1261
+19
🇵🇪 Franks · Peru
1246
+20
🇺🇸 Georgians · United States
1400
-20
🇲🇽 Saxons · Mexico
1353
-19
🇺🇸 Mongols · United States
1288
-16
🇺🇸 Varangians · United States
1288
-16
Queens_StoneAge
4:56 Loom
11:24 Feudal Age
15:27 Castle Age
13:41 Horse Collar
13:49 Double-Bit Axe
Jazzmushroom
7:18 Loom
10:46 Feudal Age
15:29 Castle Age
16:12 Double-Bit Axe
16:09 Horse Collar
17:33 Bow Saw
24:27 Wheelbarrow
23:37 Town Watch
Non faux pa
6:18 Loom
9:12 Feudal Age
13:32 Bloodlines
15:10 Horse Collar
15:55 Forging
17:01 Double-Bit Axe
17:24 Scale Barding Armor
20:47 Stone Mining
21:17 Gold Mining
25:30 Castle Age
24:42 Fletching
SSBARTO EL MANO LARGA
9:15 Loom
11:01 Feudal Age
12:03 Double-Bit Axe
12:00 Horse Collar
19:23 Castle Age
20:25 Bow Saw
20:44 Heavy Plow
24:26 Forging
25:01 Fletching
TamerCaribou922
6:34 Loom
9:08 Feudal Age
9:34 Double-Bit Axe
20:05 Castle Age
18:09 Gold Mining
19:26 Bloodlines
19:43 Scale Barding Armor
20:23 Horse Collar
23:12 Husbandry
23:24 Forging
平原君
9:25 Feudal Age
10:35 Double-Bit Axe
11:11 Horse Collar
11:53 Loom
18:40 Castle Age
18:12 Scale Barding Armor
23:43 Bow Saw
24:26 Wheelbarrow
27:07 Hand Cart
27:24 Gold Mining
27:46 Bloodlines
alexfca0828
8:48 Loom
10:38 Feudal Age
12:16 Loom
18:07 Castle Age
18:03 Forging
18:51 Scale Barding Armor
20:28 Caravan
20:18 Double-Bit Axe
22:59 Iron Casting
23:43 Bow Saw
25:31 Chain Barding Armor
27:15 Husbandry
人在江湖
0:59 Loom
9:31 Feudal Age
12:54 Double-Bit Axe
13:04 Horse Collar
15:48 Castle Age
17:00 Husbandry
17:11 Bloodlines
17:38 Gold Mining
18:22 Husbandry
18:32 Bloodlines
20:33 Bloodlines
21:27 Scale Barding Armor
22:22 Forging
25:52 Heavy Plow
26:36 Wheelbarrow
Connection lost

Rejoining the realm…

Still unreachable

The connection could not be restored.

Session expired

The server has moved on; the page needs a fresh start.